 Dungeon Crawl Stone Soup version 0.29-a0-1018-g6b6670bd90 (webtiles) character file.

Game seed: 8026504619654603790

1376 BritishOli the Trooper (level 8, -5/65 HPs)
             Began as a Demonspawn Fighter on Aug 10, 2022.
             Was a Follower of Makhleb.
             Slain by Pikel
             ... wielding a +0 whip of electrocution
              (11 damage)
             ... on level 5 of the Dungeon.
             The game lasted 00:10:00 (6325 turns).

BritishOli the Trooper (Demonspawn Fighter)         Turns: 6325, Time: 00:10:00

Health: -5/65      AC: 12    Str: 20    XL:     8   Next: 39%
Magic:  8/8        EV:  7    Int:  9    God:    Makhleb [*.....]
Gold:   221        SH:  5    Dex: 12    Spells: 7/7 levels left

rFire   . . .      SeeInvis .   a - +0 long sword
rCold   + . .      Faith    +   c - +0 buckler
rNeg    . . .      Spirit   .   g - +2 chain mail {rC+}
rPois   .          Reflect  .   (no helmet)
rElec   .          Harm     .   (no cloak)
rCorr   .          Rampage  .   (no gloves)
Will    .....                   s - +0 pair of boots
Stlth   ..........              y - amulet of faith
HPRegen 0.20/turn               (no ring)
MPRegen 0.11/turn               (no ring)

@: studying Maces & Flails
A: hooves 1, icemail 2, condensation shield
a: Renounce Religion


You were on level 5 of the Dungeon.
You worshipped Makhleb.
Makhleb was aware of your devotion.
You visited 1 branch of the dungeon, and saw 5 of its levels.

You collected 221 gold pieces.

Inventory:

Hand Weapons
 a - a +0 long sword (weapon)
Armour
 c - a +0 buckler (worn)
 g - a +2 chain mail of cold resistance (worn)
 s - a +0 pair of boots (worn)
Jewellery
 i - a ring of ice
 u - a ring of ice
 y - an amulet of faith (around neck)
Wands
 w - a wand of digging (6)
Scrolls
 f - a scroll of silence {unknown}
 h - 3 scrolls of teleportation {unknown}
 j - 2 scrolls of immolation {unknown}
 l - 2 scrolls of amnesia {unknown}
 o - 2 scrolls of blinking {unknown}
 p - 3 scrolls of poison {unknown}
 q - 7 scrolls of identify {unknown}
Potions
 b - 3 potions of heal wounds {unknown}
 d - 2 potions of might
 e - 2 potions of degeneration {unknown}
 k - a potion of brilliance {unknown}
 m - 2 potions of berserk rage {unknown}
 n - a potion of experience {unknown}
 r - 2 potions of curing {unknown}
 t - a potion of mutation {unknown}
 v - 2 potions of haste {unknown}
 x - a potion of resistance {unknown}


   Skills:
 * Level 6.7 Fighting
 * Level 5.6 Long Blades
 + Level 4.6 Armour
 + Level 4.7 Shields


You had 7 spell levels left.
You didn't know any spells.
Your spell library contained the following spells:

 Spells                   Type           Power      Damage    Failure   Level
 Sublimation of Blood     Necr           0%         N/A       100%        2
 Dazzling Flash           Conj/Hex       0%         N/A       100%        3
 Petrify                  Tmut/Erth      0%         N/A       100%        4
 Agony                    Necr           0%         N/A       100%        5
 Irradiate                Conj/Tmut      0%         3d11      100%        5
 Silence                  Hex/Air        0%         N/A       100%        5


Dungeon Overview and Level Annotations

Branches:
Dungeon (5/15)
 Temple: D:4-7

Altars:
Gozag
Makhleb
Vehumet
Wu Jian

Shops:
D:3 *   D:4 (

Annotations:
D:4 Blork the orc
D:5 Pikel


Innate Abilities, Weirdness & Mutations

You have large cloven feet.
A meltable icy envelope protects you from harm. (AC +0)
A meltable shield of frost defends you. (SH +0)


Message History

You hear some strange, mumbled words.
Something tries to affect you, but you resist.
You closely miss something. Something hits you.
You miss something. Something hits you but does no damage.
You miss something. Something hits you but does no damage.
You miss something.
A lemure comes into view.
Something hits you.
The lemure shouts!
You slash something! Makhleb accepts your kill.
Reactivating autopickup.
You feel a bit more experienced.
A lemure comes into view.
You closely miss Pikel.
The lemure shouts!
Pikel hits you with a +0 whip of electrocution.
You are electrocuted!
You hit Pikel.
Pikel is lightly wounded.
You block Pikel's attack.
Pikel hits you with a +0 whip of electrocution.
You are electrocuted!
* * * LOW HITPOINT WARNING * * *
You hit Pikel but do no damage.
Pikel is lightly wounded.
You block Pikel's attack.
You hit Pikel.
Pikel is lightly wounded.
Pikel barely misses you.
You hit Pikel.
Pikel is moderately wounded.
Pikel hits you with a +0 whip of electrocution!
* * * LOW HITPOINT WARNING * * *
You completely miss Pikel.
Pikel is moderately wounded.
Pikel hits you with a +0 whip of electrocution.
* * * LOW HITPOINT WARNING * * *
You are electrocuted!
You die...

5.h5..##.....## ##.....## #...
[.5## #.....# #...#...###... .
##....## ##..###...###.. ..
##....#####...# ##...#... ...#
###...........## #.......
.>..###......#......#
####.....# ....#.......5#..)###
#.........
..........5.5K###).###.#######.
##........###@..#..##.# ### #.
#.....##.#.####..#.##.#######.
##....#..##..#....#..#.+.._..'.
#....#.#######..###....###.###.
##...#..## #.### ##...# #.# #.
#....#...# ### ###.###'###.
##....#...# #.........
#.....#...# ##########
.....####.## #


You could see Pikel and 3 lemures.

Vanquished Creatures
  A water moccasin (D:4)
  An ice beast (D:5)
  2 black bears (D:5)
  An ogre (D:5)
  A lemure (D:5)
  A centaur (D:4)
  A phantom (D:4)
  2 scorpions (D:5)
  A necrophage (D:3)
  A killer bee (D:3)
  5 hounds
  2 iguanas
  Terence (D:3)
  4 orc wizards (D:5)
  8 gnolls
  5 adders
  2 shadow imps (D:5)
  10 orcs
  10 ball pythons
  3 bats
  6 endoplasms
  6 giant cockroaches
  3 goblins
  5 hobgoblins
  2 jackals (D:3)
  2 quokkas
  3 frilled lizards
  3 kobolds
  4 rats
96 creatures vanquished.

Vanquished Creatures (others)
  6 fungi (D:4)
6 creatures vanquished.

Grand Total: 102 creatures vanquished

Notes
Turn   | Place    | Note
-------+----------+-------------------------------------------
     0 | D:1      | BritishOli the Demonspawn Fighter began the quest for the
                  | Orb.
     0 | D:1      | Reached XP level 1. HP: 18/18 MP: 1/1
   446 | D:1      | Gained mutation: A meltable shield of frost defends you.
                  | (SH +0) [demonic ancestry]
   446 | D:1      | Reached XP level 2. HP: 16/24 MP: 2/2
   690 | D:1      | Found a faded altar of an unknown god.
  1488 | D:2      | Reached XP level 3. HP: 26/29 MP: 3/3
  1578 | D:2      | Identified the +4 robe of Untruth {Stlth+}
  1995 | D:3      | Found a burning altar of Makhleb.
  2267 | D:3      | Became a worshipper of Makhleb the Destroyer
  2371 | D:3      | Found Gozag's Platinum Reserve.
  2374 | D:3      | Found an opulent altar of Gozag.
  2387 | D:3      | Noticed a necrophage
  2407 | D:3      | Killed a necrophage
  2408 | D:3      | Gained mutation: A meltable icy envelope protects you from
                  | harm. (AC +0) [demonic ancestry]
  2408 | D:3      | Reached XP level 4. HP: 22/37 MP: 4/4
  2586 | D:3      | Reached skill level 4 in Fighting
  2691 | D:3      | Gained mutation: You have large cloven feet. [demonic
                  | ancestry]
  2691 | D:3      | Reached XP level 5. HP: 31/41 MP: 5/5
  2894 | D:3      | Noticed Terence
  2918 | D:3      | Killed Terence
  3220 | D:4      | Found a radiant altar of Vehumet.
  3284 | D:4      | Noticed a centaur
  3284 | D:4      | Noticed a phantom
  3320 | D:3      | HP: 2/42 [poisoned by a killer bee]
  3976 | D:4      | Killed a centaur
  3977 | D:4      | Gained mutation: A meltable icy envelope protects you from
                  | harm. (AC +0) [demonic ancestry]
  3977 | D:4      | Reached XP level 6. HP: 30/49 MP: 6/6
  4022 | D:4      | Reached skill level 5 in Fighting
  4223 | D:4      | Noticed Blork the orc
  4305 | D:4      | Found Ymeona's Weapon Boutique.
  4586 | D:4      | Found an ornate altar of the Wu Jian Council.
  4851 | D:4      | Noticed a water moccasin
  4869 | D:4      | Killed a water moccasin
  4870 | D:4      | Reached XP level 7. HP: 55/56 MP: 7/7
  5001 | D:5      | Entered Level 5 of the Dungeon
  5013 | D:5      | Reached * piety under Makhleb
  5800 | D:5      | Reached skill level 6 in Fighting
  5800 | D:5      | Reached skill level 5 in Long Blades
  5897 | D:5      | Noticed a +0 dagger
  5898 | D:5      | Noticed a +0 falchion
  5899 | D:5      | Noticed a +0 spear
  5914 | D:5      | Reached XP level 8. HP: 41/64 MP: 8/8
  5925 | D:5      | Noticed a +0 short sword
  5925 | D:5      | Noticed a +0 short sword
  5926 | D:5      | Noticed a +0 spear
  5927 | D:5      | Noticed a +0 dagger
  5930 | D:5      | Noticed a +0 falchion
  6312 | D:5      | Noticed Pikel
  6325 | D:5      | Slain by Pikel

Illustrated notes

Levels and vault maps discovered:
D:1:      dpeg_arrival_signposts, layout_loops_ring,
          chequers_ecumenical_altar_simple_redux
D:2:      layout_loops_corners, serial_glass, glass_columns_b, glass_columns_c,
          glass_columns_a, glass_columns_a, glass_columns_a, glass_columns_a,
          glass_columns_a, glass_columns_a, glass_columns_c, glass_columns_c,
          glass_columns_b, glass_columns_c, glass_columns_c, glass_columns_a,
          roderic_roman_lattice, minivault_26
D:3:      layout_basic, nicolae_gozag_zags_fifth_avenue,
          mainiacjoe_overflow_tiny_flanked, uniq_terence
D:4:      layout_basic, vehumet_crystals, lemuel_round_altar, tgw_sif,
          serial_shops, shop, serial_aquarium, aquarium_bridge_long_joined
          [aquarium_subvault_window, aquarium_subvault_bridge,
          aquarium_subvault_wall, aquarium_subvault_bridge,
          aquarium_subvault_window, aquarium_subvault_wall], aquarium_window_1,
          aquarium_window_corridor_1, aquarium_window_fake, aquarium_window_2,
          aquarium_view_2e, aquarium_view_2a, aquarium_balcony_double_1,
          minmay_manual_mess
D:5:      layout_layer_cave, lemuel_doored_altar, lemuel_crystal_altar,
          nicolae_uskayaw_en_pointe, minmay_bent, uniq_pikel, uniq_grinder

Skill      XL: |  1  2  3  4  5  6  7 |
---------------+----------------------+-----
Long Blades    | 2 3 4 5 |  5.6
Armour         | 3 4 |  4.6
Shields        | 3 4 |  4.7
Fighting       | 4 5 6 |  6.7

Action                   |  1- 3 |  4- 6 |  7- 9 || total
-------------------------+-------+-------+-------++-------
Melee: Long sword        |   136 |   183 |   253 ||   572
       Kick              |       |     2 |       ||     2
Armor: Chain mail        |    75 |   141 |   213 ||   429
       Scale mail        |     3 |       |       ||     3
Dodge: Dodged            |    48 |    56 |    62 ||   166
Block: Buckler           |    53 |   111 |   120 ||   284

Table legend: (Time is in decaauts)
 A = Elapsed time spent in this place.
 B = Non-inter-level travel time spent in this place.
 C = Inter-level travel time spent in this place.
 D = Time resting spent in this place.
 E = Time spent auto-exploring this place.
 F = Levels seen in this place.
 G = Mean time per level.
                   A        B        C        D        E       F      G
               +--------+--------+--------+--------+--------+-----+--------+
         Total |   6466 |   6060 |    406 |   1070 |   3854 |   5 | 1293.2 |
       Dungeon |   6466 |   6060 |    406 |   1070 |   3854 |   5 | 1293.2 |
               +--------+--------+--------+--------+--------+-----+--------+

Top non-repeatable levels by time:
     D:3: 1702 daAuts
     D:5: 1370 daAuts
     D:4: 1368 daAuts
     D:1: 1106 daAuts
     D:2: 919 daAuts
